[Event "Early-Titled-Tuesday-Blitz-September-05-2023"]
[Site "Chess.com"]
[Date "2023.09.05"]
[Round "1"]
[White "blitzking1729"]
[Black "Truequitos"]
[Result "1-0"]
[WhiteElo "2742"]
[BlackElo "2418"]
[TimeControl "180+1"]
[EndTime "8:07:33 PDT"]
[Termination "blitzking1729 won on time"]

1. b3 e5 2. Bb2 Nc6 3. e3 g6 4. d4 Bg7 5. d5 Nce7 6. c4 d6 7. Nc3 f5 8. Bd3 Nf6 9. Nge2 O-O 10. O-O c5 11. dxc6 bxc6 12. Qd2 Be6 13. Rad1 Qc7 14. f4 Rad8 15. h3 h6 16. Rc1 g5 17. Bb1 Qb6 18. Kh2 g4 19. Ng3 exf4 20. exf4 d5 21. Na4 Qb8 22. Qe2 Ne4 23. Bxg7 Kxg7 24. cxd5 cxd5 25. hxg4 Ng6 26. gxf5 Nxg3 27. Kxg3 Bxf5 28. Bxf5 Rxf5 29. Nc5 Rd6 30. Qg4 Rdf6 31. Nd7 Qd6 32. Nxf6 Qxf6 33. Rc6 Qxc6 34. Qxf5 Qc3+ 35. Kh2 Qd4 36. Rf3 h5 37. Rg3 Qf6 38. Qxh5 1-0

[Event "Early-Titled-Tuesday-Blitz-September-05-2023"]
[Site "Chess.com"]
[Date "2023.09.05"]
[Round "1"]
[White "Athanasios2"]
[Black "MarijaKuznecova"]
[Result "1-0"]
[WhiteElo "2675"]
[BlackElo "2379"]
[TimeControl "180+1"]
[EndTime "8:07:33 PDT"]
[Termination "Athanasios2 won by checkmate"]

1. e4 c5 2. Nf3 d6 3. d4 cxd4 4. Nxd4 Nf6 5. Nc3 a6 6. Bg5 e6 7.
Qd2 Nbd7 8. O-O-O b5 9. f3 Qc7 10. Kb1 Be7 11. h4 Nb6 12. Ndxb5 axb5 13. Nxb5 Qb8 14.
Nxd6+ Bxd6 15. Qxd6 Bd7 16. Qxb8+ Rxb8 17. Bf4 Rb7 18.
Ba6 Ra7 19. Be2 O-O 20. Be3 Rb8 21. Rd6 Rab7 22. Ba6 Ra7 23. Rxb6 Rxb6 24. Bxb6 Rxa6 25. Bd4 Kf8 26. Rd1 Bc6 27. g4 Nd7 28. b3 f6 29. c4 Ra8 30. Bc3 Rb8 31. Rd6 Rb6 32. Kb2 Ke7 33. Rd2 Nc5 34. Bd4 Na4+ 35. Kc2 Ra6 36.
bxa4 Rxa4 37. Kb3 e5 38. Bc5+ Kf7 39. Rd6 Be8 40. Rd8 Ra6 41. Rb8 Rc6 42. Rb7+ Ke6 43.
Re7# 1-0

[Event "Early-Titled-Tuesday-Blitz-September-05-2023"]
[Site "Chess.com"]
[Date "2023.09.05"]
[Round "1"]
[White "AradNazari"]
[Black "NovikovaGalina"]
[Result "1-0"]
[WhiteElo "2708"]
[BlackElo "2405"]
[TimeControl "180+1"]
[EndTime "8:07:34 PDT"]
[Termination "AradNazari won on time"]

1. e4 e6 2. d4 d5 3. e5 c5 4. c3 Nc6 5. Nf3 Bd7 6. Be2 Qc7 7. O-O f6 8. Bf4 O-O-O 9. Bg3 f5 10. dxc5 h6 11.
b4 g5 12. h4 f4 13. Bh2 Nxe5 14. Nxe5 Qxe5 15. Re1 Qg7 16. Bg4 e5 17. Bxd7+ Rxd7 18. Qa4 Kb8 19. c6 bxc6 20. Qxc6 e4 21. Qb5+ Ka8 22.
Nd2 Nf6 23. Qc6+ Kb8 24. Nb3 Rc7 25. Qb5+ Rb7 26. Qa4 Bd6 27. Na5 Qd7 28. Nc6+ Ka8 29. b5 Ng4 30. Rad1 Nxh2 31. Kxh2 f3+ 32. g3 gxh4 33.
Rxd5 hxg3+ 34. Kg1 gxf2+ 35. Kxf2 Rg8 36. Qxe4 Bg3+ 37.
Ke3 Bxe1 38. Rxd7 f2 39. Nd8 1-0

[Event "Early-Titled-Tuesday-Blitz-September-05-2023"]
[Site "Chess.com"]
[Date "2023.09.05"]
[Round "1"]
[White "MKlose11"]
[Black "TC2304"]
[Result "1-0"]
[WhiteElo "2659"]
[BlackElo "2362"]
[TimeControl "180+1"]
[EndTime "8:07:37 PDT"]
[Termination "MKlose11 won by resignation"]

1. e4 c5 2. Nc3 a6 3. g3 b5 4. Bg2 Bb7 5. d3 e6 6. Nh3 d5 7. O-O b4 8. Ne2 dxe4 9. Ng5 Nf6 10. Nxe4 Nxe4 11. Bxe4 Nc6 12. Be3 Be7 13. a3 O-O 14.
axb4 cxb4 15. d4 a5 16. c3 Qc7 17. Bg2 Bf6 18. Qa4 Rfd8 19. Rfd1 h6 20. Rac1 Ne7 21. cxb4 Qd7 22. b5 Bxg2 23. Kxg2 Rdb8 24. Rc5 Nd5 25. Nc3 Nxc3 26. bxc3 Be7 27. Rh5 g6 28. Rxh6 Rxb5 29. c4 Qb7+ 30. d5 Rb4 31. Qc2 Rc8 32. Rxg6+ Kf8 33.
Rg4 exd5 34. Qh7 dxc4+ 35. Kh3 Ke8 36. Rg8+ Bf8 37. Bh6 Ke7 38. Re1+ Kd6 39. Rxf8 Rxf8 40. Bxf8+ Kc6 41. Bxb4 Qxb4 42. Qe4+ Kc5 43. Qe3+ Kc6 44.
Qe8+ Kb7 45. Re7+ Ka6 46. Qa8+ Kb5 47. Rb7+ Ka4 48. Rxb4+ Kxb4 49. Qb7+ Kc3 50. Qa6 Kb4 51. Qb6+ Ka4 52. Qc5 Kb3 53. Qxa5 c3 54. Qd5+ Kb2 55. Qxf7 c2 56. Qc7 c1=Q 57. Qxc1+ Kxc1 58. g4 1-0

[Event "Early-Titled-Tuesday-Blitz-September-05-2023"]
[Site "Chess.com"]
[Date "2023.09.05"]
[Round "1"]
[White "ozates"]
[Black "Boxerandchessplayer"]
[Result "1-0"]
[WhiteElo "2565"]
[BlackElo "2067"]
[TimeControl "180+1"]
[EndTime "8:07:38 PDT"]
[Termination "ozates won on time"]

1. e4 e6 2. d4 d5 3. Nd2 dxe4 4. Nxe4 Nd7 5. g3 Ngf6 6. Nxf6+ Nxf6 7. Bg2 e5 8. Ne2 exd4 9. Nxd4 Be7 10. O-O Kf8 11. h3 c6 12. Be3 Nd5 13. c4 Nxe3 14. fxe3 Bf6 15. c5 Qe7 16. Kh2 g6 17. Qf3 Be5 18. b4 Kg7 19. Rad1 h5 20. Qe4 Re8 21. Qf3 h4 22.
Ne2 hxg3+ 23. Nxg3 Bxg3+ 24. Qxg3 Qxe3 25. Qxe3 Rxe3 26. Rd8 Re2 27. Rfd1 Rxa2 28. h4 Bg4 29. Rxa8 Bxd1 30. Kg3 Ra4 31. b5 Rc4 32. Rxa7 Rxc5 33. b6 Rc3+ 34. Kf2 Rc2+ 35. Kg1 Rb2 36. Rxb7 Ba4 37. Ra7 Rb1+ 38. Kh2 Bd1 39. b7 Rb2 40. Kg1 Rb1 41.
Kf2 Rb2+ 42. Kg3 Rb3+ 43. Kf4 Rb4+ 44. Ke3 Rb3+ 45. Kd4 1-0

[Event "Early-Titled-Tuesday-Blitz-September-05-2023"]
[Site "Chess.com"]
[Date "2023.09.05"]
[Round "1"]
[White "C_K_G"]
[Black "NovozhilovSemen"]
[Result "0-1"]
[WhiteElo "2066"]
[BlackElo "2564"]
[TimeControl "180+1"]
[EndTime "8:07:38 PDT"]
[Termination "NovozhilovSemen won by resignation"]

1. e4 e6 2. Nf3 d5 3. Nc3 Nf6 4. e5 Nfd7 5. d4 c5 6. Bg5 Qb6 7. dxc5 Bxc5 8. Qd2 h6 9. Bh4 g5 10. Bg3 Be7 11. Bb5 Nc6 12. O-O O-O 13. h4 d4 14. Bd3 dxc3 15. bxc3 Qd8 16. hxg5 hxg5 17. Qe2 Nc5 18. Rad1 Bd7 19. Nh2 Kg7 20. Ng4 Rc8 21.
Be4 Qa5 22. Nf6 Bxf6 23. exf6+ Kxf6 24. Bxc6 Bxc6 25. Be5+ Kg6 26. f4 Ne4 27. fxg5 Qxe5 28.
Rf3 Qc5+ 29. Re3 Rcd8 30. Rd4 Rxd4 31. cxd4 Qxd4 32. c3 Qd5 33. Qf3 Nxg5 34. Qg3 Rd8 35. Re5 Qxg2+ 36. Qxg2 Bxg2 37. Kxg2 Rd2+ 38. Kg3 Rxa2 39.
Rb5 b6 40. c4 Ne4+ 41. Kf4 Nc5 42. Rb1 Kf6 0-1

[Event "Early-Titled-Tuesday-Blitz-September-05-2023"]
[Site "Chess.com"]
[Date "2023.09.05"]
[Round "1"]
[White "Gameking51"]
[Black "shimastream"]
[Result "0-1"]
[WhiteElo "2513"]
[BlackElo "2958"]
[TimeControl "180+1"]
[EndTime "8:07:39 PDT"]
[Termination "shimastream won on time"]

1. e4 d5 2. exd5 Qxd5 3. Nc3 Qe5+ 4. Be2 Bg4 5. d4 Bxe2 6. Ngxe2 Qa5 7. O-O Nf6 8. Nf4 c6 9. Re1 e6 10. Qe2 Qf5 11.
d5 cxd5 12. Qb5+ Nbd7 13. Qxb7 Rb8 14. Qxa7 Bd6 15. Nd3 O-O 16. h3 Rfc8 17. Qe3 Nb6 18. Ne5 Qxc2 19. Nxf7 Bc5 20. Qxe6 Qxf2+ 21. Kh1 Kf8 22.
Ng5 Rb7 23. Bf4 h6 24. Rf1 Re7 25. Rxf2 hxg5 26. Qxc8+ Nxc8 27. Rf3 gxf4 28. Rxf4 Nb6 29. Rc1 Be3 30. Rcf1 Bxf4 31. Rxf4 Nc4 32. b3 Ne3 33. Kh2 Rd7 34. Rd4 Kf7 35. a4 Ke6 36. a5 Ke5 37. Rd2 d4 38. Nb5 Ne4 39. Ra2 Nc3 40.
Nxc3 dxc3 41. a6 c2 42. Ra1 Rd1 0-1

[Event "Early-Titled-Tuesday-Blitz-September-05-2023"]
[Site "Chess.com"]
[Date "2023.09.05"]
[Round "1"]
[White "rasmussvane"]
[Black "only_strong_moves"]
[Result "1-0"]
[WhiteElo "2963"]
[BlackElo "2517"]
[TimeControl "180+1"]
[EndTime "8:07:40 PDT"]
[Termination "rasmussvane won on time"]

1. Nf3 Nf6 2. g3 d5 3. Bg2 Bg4 4. O-O e6 5. h3 Bh5 6. c4 c6 7. d4 Nbd7 8. cxd5 exd5 9. Ne5 Nxe5 10. dxe5 Nd7 11. Nc3 Bc5 12. Na4 Be7 13. f4 f5 14.
Be3 O-O 15. Qb3 b5 16. Nc3 Bf7 17. Qc2 Nb6 18. Bf2 Rc8 19. Rad1 Qe8 20. a3 Be6 21. b4 Nc4 22. Nb1 Qf7 23. Qc3 Rfd8 24. Nd2 c5 25. bxc5 d4 26. Qa1 Bxc5 27. Nf3 Ne3 28. Bxe3 dxe3 29.
Ng5 Qe7 30. Nxe6 Qxe6 31. Rxd8+ Rxd8 32. Rc1 Bb6 33. Qb1 Rd2 34. Qxb5 h6 35. Rc6 Qa2 36. Rc8+ Kh7 37. Qe8 Rxe2 38. Qh8+ Kg6 39. Rc6+ Kf7 40. e6+ Kf6 41. Qf8+ Kg6 42. Qf7+ Kh7 43. Qxf5+ 1-0

[Event "Early-Titled-Tuesday-Blitz-September-05-2023"]
[Site "Chess.com"]
[Date "2023.09.05"]
[Round "1"]
[White "GAusal"]
[Black "nss13"]
[Result "1-0"]
[WhiteElo "2291"]
[BlackElo "2527"]
[TimeControl "180+1"]
[EndTime "8:07:40 PDT"]
[Termination "GAusal won on time"]

1. d4 Nf6 2. Nf3 e6 3. Bf4 c5 4.
e3 b6 5. c3 Bb7 6. Be2 Be7 7.
O-O O-O 8. Nbd2 cxd4 9. exd4 d6 10. Re1 Nbd7 11. Bg3 Re8 12. Bd3 Bf8 13. Re2 Qc7 14.
Qe1 a6 15. Rc1 b5 16. a3 Bc6 17. Ne4 Nxe4 18. Bxe4 Nf6 19. Bxc6 Qxc6 20. Bh4 Nd5 21. Nd2 Rac8 22. Ne4 Qb6 23. Bg3 Rc6 24. h4 Rec8 25. h5 h6 26. Qd1 a5 27. Qd2 b4 28. axb4 axb4 29. Ree1 bxc3 30. bxc3 Qa5 31. Qb2 Nxc3 32. Nxc3 Rxc3 33. Rxc3 Qxc3 34. Qxc3 Rxc3 35. Ra1 Rd3 36. Ra4 f5 37. Kf1 Kf7 38. Ke2 Rb3 39. Ra7+ Kg8 40.
Ra8 Rb6 41. Kd2 Kf7 42. Ra7+ Kg8 43. Ra8 Rc6 44. Kd3 Kf7 45. Ra7+ Ke8 46. Ra8+ Ke7 47. Ra7+ Kd8 48. Ra8+ Rc8 49. Ra6 Ke7 50. Ra7+ Ke8 51.
Ra6 Rd8 52. Ra7 Rd7 53. Ra8+ Kf7 54. f3 Be7 55. Bf2 Bf6 56. Be3 1-0

[Event "Early-Titled-Tuesday-Blitz-September-05-2023"]
[Site "Chess.com"]
[Date "2023.09.05"]
[Round "1"]
[White "Jahonas"]
[Black "Vuk2000"]
[Result "0-1"]
[WhiteElo "2418"]
[BlackElo "2747"]
[TimeControl "180+1"]
[EndTime "8:07:42 PDT"]
[Termination "Vuk2000 won by resignation"]

1. e4 e6 2. Nc3 d5 3. Nf3 Nf6 4. d3 c5 5. Be2 Nc6 6. O-O Be7 7.
exd5 exd5 8. Bg5 O-O 9. Re1 Be6 10. Bf1 Re8 11. h3 Rb8 12. Ne2 h6 13. Bf4 Bd6 14.
Qd2 Nh5 15. Bxd6 Qxd6 16. g3 Re7 17. Bg2 Rbe8 18. Nc3 Nf6 19. d4 c4 20. a3 Bf5 21.
Rxe7 Rxe7 22. Re1 Rxe1+ 23. Nxe1 Qe6 24. g4 Be4 25. Nxe4 dxe4 26. c3 Ne7 27. Nc2 Ned5 28.
Ne3 Nf4 29. Bf1 Nd3 30. d5 Nxd5 31. Nxc4 N5f4 32. Ne3 Qa2 33. f3 Qb1 34. fxe4 Nxh3+ 35. Kh2 Nhf4 36. Bxd3 Nxd3 37. Nc4 Nc5 38. Qd8+ Kh7 39. Qc7 Nxe4 40. Qxf7 Qc2+ 41. Kg1 Qd1+ 42. Kg2 Qxg4+ 43. Kf1 Qd1+ 44. Kg2 Qe2+ 45. Kg1 Qe1+ 46. Kg2 Qg3+ 47. Kf1 Qd3+ 48. Kg1 Ng5 49. Ne5 Qg3+ 50. Kf1 Nxf7 0-1

[Event "Early-Titled-Tuesday-Blitz-September-05-2023"]
[Site "Chess.com"]
[Date "2023.09.05"]
[Round "1"]
[White "Tugrik1969"]
[Black "MatthewG-p4p"]
[Result "0-1"]
[WhiteElo "2479"]
[BlackElo "2870"]
[TimeControl "180+1"]
[EndTime "8:07:44 PDT"]
[Termination "MatthewG-p4p won by resignation"]

1. e4 e6 2. d3 d5 3. Nd2 Nf6 4. Ngf3 c5 5. g3 Nc6 6. Bg2 Be7 7. O-O O-O 8. Re1 b5 9. e5 Nd7 10. Nf1 Qc7 11. Bf4 Bb7 12. h4 Rfc8 13. h5 h6 14.
N1h2 Qd8 15. Ng4 Bf8 16. Qd2 a5 17. c4 bxc4 18. dxc4 d4 19. Re2 a4 20. Ne1 Nb6 21. Rc1 Na5 22. Bxb7 Nxb7 23. Re4 Na5 24. Qd3 Nc6 25.
Bxh6 Nb4 26. Qb1 d3 27. Bd2 Be7 28. Bxb4 cxb4 29. Qxd3 Qxd3 30. Nxd3 Rd8 31. Rd1 Rac8 32. b3 Rd7 33. f4 Rcd8 34. Ngf2 a3 35. Kg2 Bc5 36.
Nxc5 Rxd1 37. Nxd1 Rxd1 38. Re2 Rb1 39. Kf3 Rb2 40.
Nd3 Nxc4 41. Nxb2 axb2 42. bxc4 b1=Q 43. Ke3 Qc1+ 44. Kd3 Qd1+ 45. Rd2 Qf3+ 46. Kd4 Qc3+ 0-1

[Event "Early-Titled-Tuesday-Blitz-September-05-2023"]
[Site "Chess.com"]
[Date "2023.09.05"]
[Round "1"]
[White "sokidze"]
[Black "Chessdude1987"]
[Result "1-0"]
[WhiteElo "2749"]
[BlackElo "2420"]
[TimeControl "180+1"]
[EndTime "8:07:44 PDT"]
[Termination "sokidze won on time"]

1. d4 e6 2. c4 f5 3. Nf3 Nf6 4. g3 Be7 5. Bg2 O-O 6. O-O d6 7. Qc2 Ne4 8. Nc3 Nxc3 9. bxc3 Nc6 10. d5 Na5 11. dxe6 Bxe6 12. Nd4 Bxc4 13. Nxf5 Bf6 14. Ne3 Be6 15. Rb1 c6 16. Rd1 d5 17. Ba3 Re8 18. Bb4 Qc7 19. Nf5 Nc4 20. Nd4 Bf7 21. e4 a5 22. Bc5 b6 23. exd5 cxd5 24. Bxb6 Nxb6 25. Nb5 Qc5 26. Bf1 Nc4 27. Bd3 g6 28. Rb3 a4 29. Rb4 Rac8 30. Bxc4 dxc4 31. Nd6 Rcd8 32.
Nxe8 Rxe8 33. Qd2 g5 34. Rb7 Bg6 35. Rd7 Qe5 36. Rd5 Qe2 37. Qxe2 Rxe2 38. Rd6 Kg7 39. Rd7+ Kh6 40. R7d6 Bxc3 41. h3 Rxa2 42. Rc1 Rc2 43. Rxc2 a3 44. Rxc3 a2 45. Ra3 1-0

[Event "Early-Titled-Tuesday-Blitz-September-05-2023"]
[Site "Chess.com"]
[Date "2023.09.05"]
[Round "1"]
[White "GaiozNigalidze"]
[Black "Gauravthegm"]
[Result "1/2-1/2"]
[WhiteElo "2765"]
[BlackElo "2434"]
[TimeControl "180+1"]
[EndTime "8:07:46 PDT"]
[Termination "Game drawn by repetition"]

1. d4 Nf6 2. c4 g6 3. Nf3 Bg7 4.
Nc3 O-O 5. e4 d6 6. h3 e5 7. d5 a5 8. Bd3 Na6 9. a3 Nc5 10. Bc2 Ne8 11. Rb1 f5 12. Bg5 Bf6 13. Bh6 Bg7 14. Bxg7 Nxg7 15. exf5 Bxf5 16. b4 axb4 17.
axb4 Nd7 18. Bxf5 Nxf5 19. O-O b6 20. Ne4 h6 21. Qd3 Nf6 22. Ra1 Qe7 23. Rfc1 Kh7 24. Rxa8 Rxa8 25. c5 bxc5 26. bxc5 Nxe4 27. Qxe4 Qd7 28. g4 Ne7 29. Kg2 Ra7 30. Rc4 Qe8 31. cxd6 cxd6 32. Nxe5 dxe5 33. d6 Ng8 34. Rc7+ Rxc7 35.
dxc7 Ne7 36. Qxe5 Qc6+ 37. Kg3 Nc8 38. h4 Qd6 39. Qxd6 Nxd6 40. Kf4 Kg7 41. Ke5 Nc8 42. Ke6 Nb6 43. f4 Nc8 44. f5 gxf5 45. gxf5 Nb6 46. h5 Nc8 47. Kd7 Nb6+ 48. Ke7 Nc8+ 49. Ke6 Nb6 50.
f6+ Kf8 51. Kd6 Kf7 52. Kc6 Nc8 53. Kb7 Nd6+ 54. Kc6 Nc8 55. Kd7 Nb6+ 56. Kc6 Nc8 1/2-1/2

[Event "Early-Titled-Tuesday-Blitz-September-05-2023"]
[Site "Chess.com"]
[Date "2023.09.05"]
[Round "1"]
[White "Khromkin"]
[Black "AlexPapasimakopoulos"]
[Result "0-1"]
[WhiteElo "2406"]
[BlackElo "2709"]
[TimeControl "180+1"]
[EndTime "8:07:47 PDT"]
[Termination "AlexPapasimakopoulos won on time"]

1. d4 d5 2. c4 e6 3. Nc3 a6 4.
cxd5 exd5 5. Nf3 c6 6. Bg5 Be7 7. Bf4 Nf6 8. e3 O-O 9. Bd3 Bg4 10. Qc2 Nbd7 11. Ne5 Bh5 12. h3 Rc8 13. Bf5 Bg6 14.
O-O Bxf5 15. Qxf5 Nxe5 16. Bxe5 Nd7 17. Bg3 Nf6 18. a3 Bd6 19. Bh4 Be7 20. Bg3 g6 21. Qf3 Nh5 22. Bh2 Bd6 23. Bxd6 Qxd6 24. Rac1 Rce8 25. b4 f5 26. Na4 Nf6 27. Nc5 Rf7 28. Rfd1 Ne4 29. Qf4 Qf6 30. Nxe4 Rxe4 31. Qb8+ Kg7 32. a4 f4 33. exf4 Rxf4 34. Qe5 Rxf2 35. b5 Qxe5 36. dxe5 axb5 37. axb5 Re2 38. bxc6 bxc6 39.
Rxc6 Rff2 40. Rc7+ Kh6 41. e6 Rxg2+ 42. Kf1 Ref2+ 43. Ke1 Ra2 44. Kf1 Rgf2+ 45. Kg1 Rfe2 46. e7 Kg5 47. Rxd5+ Kh4 48. Rd1 Kxh3 0-1

[Event "Early-Titled-Tuesday-Blitz-September-05-2023"]
[Site "Chess.com"]
[Date "2023.09.05"]
[Round "1"]
[White "UmarovSabir"]
[Black "Yeremyan_ChessMate"]
[Result "0-1"]
[WhiteElo "2317"]
[BlackElo "2636"]
[TimeControl "180+1"]
[EndTime "8:07:47 PDT"]
[Termination "Yeremyan_ChessMate won on time"]

1. e4 Nf6 2. e5 Nd5 3. Nf3 d6 4.
d4 Bg4 5. Be2 c6 6. O-O Bxf3 7.
Bxf3 dxe5 8. dxe5 e6 9. c4 Ne7 10. Qxd8+ Kxd8 11. Rd1+ Nd7 12. Nc3 Kc8 13. Ne4 Ng6 14.
Nd6+ Bxd6 15. exd6 Nde5 16. Be2 Nd7 17. Be3 Nf6 18. b4 Kd7 19. a3 Rhd8 20. Bg5 h6 21. Bxf6 gxf6 22. c5 Nf4 23. Bf1 f5 24. g3 Nd5 25.
Bg2 Rac8 26. f4 b6 27. Kf2 Rb8 28. Rac1 bxc5 29. bxc5 Rb2+ 30. Kf3 Rdb8 31. Bf1 Rxh2 32. Rb1 Rhb2 33. Rxb2 Rxb2 34. Bc4 Rc2 35. Bxd5 Rc3+ 36. Kf2 exd5 37. Re1 Rxc5 38. Re7+ Kxd6 39. Rxa7 Ke6 40. a4 Rc2+ 41. Kf3 Rc3+ 42. Kf2 d4 43. a5 Kd5 44. a6 Kc4 45. Rxf7 Ra3 46. a7 c5 47. Ke2 Kc3 48. Rxf5 c4 49. Rf7 Ra2+ 50. Kf3 d3 51.
Rd7 Kc2 52. f5 c3 53. f6 d2 54. f7 Rxa7 55. f8=Q Rxd7 56. Qf5+ Kc1 57. Qf4 Rf7 58.
Qxf7 d1=Q+ 59. Kg2 Qd2+ 60. Kh3 c2 61. Qf6 Qe3 62.
Qa1+ Kd2 63. Qa5+ Ke2 64. Qc7 c1=Q 0-1

[Event "Early-Titled-Tuesday-Blitz-September-05-2023"]
[Site "Chess.com"]
[Date "2023.09.05"]
[Round "1"]
[White "Smiechu"]
[Black "chito89"]
[Result "0-1"]
[WhiteElo "2441"]
[BlackElo "2802"]
[TimeControl "180+1"]
[EndTime "8:07:48 PDT"]
[Termination "chito89 won on time"]

1. e4 e5 2. Nf3 Nc6 3. d4 exd4 4.
Nxd4 Bc5 5. Nb3 Bb6 6. Nc3 Nf6 7.
Qe2 a5 8. Be3 a4 9. Nd2 a3 10.
b3 Ba5 11. Nd5 Nxe4 12. b4 Nxb4 13. Qc4 Nxd5 14. Qxe4+ Ne7 15. Bd3 d5 16. Qh4 Bf5 17.
O-O Bxd3 18. cxd3 Nf5 19. Qf4 Nxe3 20. fxe3 O-O 21. Nf3 Qe7 22. Rab1 c5 23. e4 dxe4 24. dxe4 Rad8 25. Nh4 g6 26. Rb3 Rd4 27. Re3 Bc7 28. Qg4 Kh8 29. Rfe1 f6 30. Rh3 Qg7 31. Nxg6+ Kg8 32.
Qe6+ Qf7 33. Ne7+ Kh8 34. Qxf7 Rxf7 35. Nd5 Be5 36. Rxa3 b5 37. Rb3 b4 38. a3 bxa3 39.
Rxa3 h5 40. Rc3 Rd2 41. Rxc5 Bd4+ 0-1

[Event "Early-Titled-Tuesday-Blitz-September-05-2023"]
[Site "Chess.com"]
[Date "2023.09.05"]
[Round "1"]
[White "Herman-NY"]
[Black "Gareth-Bale11"]
[Result "1-0"]
[WhiteElo "2468"]
[BlackElo "2787"]
[TimeControl "180+1"]
[EndTime "8:07:49 PDT"]
[Termination "Herman-NY won by resignation"]

1. e4 c6 2. d4 d5 3. e5 Bf5 4.
h4 h5 5. c4 e6 6. Nc3 Nd7 7.
cxd5 cxd5 8. Bd3 Ne7 9. Bg5 Bxd3 10. Qxd3 Qb6 11. Nge2 Nf5 12. Nxd5 exd5 13. Qxf5 Qxb2 14. Rb1 Bb4+ 15. Kf1 Qa3 16. e6 Nf6 17. Bxf6 gxf6 18. Qxf6 Rf8 19. Rh3 Qxa2 20. Rhb3 a5 21. Nc3 Qc2 22.
exf7+ Kd7 23. Kg1 Ra6 24. Qe5 Rxf7 25. Qxd5+ Ke8 26. Re1+ Kf8 27. Qd8+ Kg7 28. Qg5+ Rg6 29. Qe5+ Kh7 30. Qxh5+ Kg8 31. Re8+ Bf8 32. Ne4 Rgg7 33. Rg3 Rxg3 34. fxg3 Qc6 35. Kh2 Qxe8 36. Nf6+ Rxf6 37.
Qxe8 Kg7 38. Qb5 b6 39. g4 Bd6+ 40. Kh3 Rf7 41. g5 Re7 42. Kg4 Re4+ 43. Kh5 Bg3 44. Qd7+ Kh8 45. Qd8+ Kg7 46. Qd7+ Kh8 47. Kg6 Bc7 48.
Qc8+ Bd8 49. Qxd8+ 1-0

[Event "Early-Titled-Tuesday-Blitz-September-05-2023"]
[Site "Chess.com"]
[Date "2023.09.05"]
[Round "1"]
[White "Aleksandar-Topalov"]
[Black "sofaceindisguise"]
[Result "0-1"]
[WhiteElo "2362"]
[BlackElo "2661"]
[TimeControl "180+1"]
[EndTime "8:07:49 PDT"]
[Termination "sofaceindisguise won on time"]

1. b3 e5 2. Bb2 Nc6 3. c4 f5 4. e3 Nf6 5. Nf3 d6 6. d4 e4 7. d5 exf3 8. dxc6 bxc6 9. Qxf3 Bd7 10.
Bd3 g6 11. g4 Bg7 12. gxf5 O-O 13. Nd2 Nh5 14. Bxg7 Nxg7 15. e4 Qf6 16. O-O-O a5 17.
Kb1 a4 18. Qe3 axb3 19. Nxb3 Rfb8 20. Bc2 gxf5 21. e5 Qf7 22. exd6 Qxc4 23. dxc7 Re8 24.
Rxd7 Rxe3 25. Rg1 Re2 26. Rgxg7+ Kf8 27. Rgf7+ Qxf7 28. Rxf7+ Kxf7 29. Bxf5 Ree8 30. Nd4 c5 31.
Nb5 Ke7 32. Kb2 Rf8 33. c8=Q Raxc8 34. Bxc8 Rxc8 35. Nc3 Rf8 36. Ne4 Rf4 37. Nxc5 Rxf2+ 38. Kb3 Rxh2 39. a4 Rh1 40. a5 Kd6 41. Na4 Kc6 42.
Kb4 h5 43. a6 h4 44. Ka5 Ra1 45. a7 Kb7 0-1

[Event "Early-Titled-Tuesday-Blitz-September-05-2023"]
[Site "Chess.com"]
[Date "2023.09.05"]
[Round "1"]
[White "Qvalda"]
[Black "Roman_Ovetchkin"]
[Result "1-0"]
[WhiteElo "2369"]
[BlackElo "2625"]
[TimeControl "180+1"]
[EndTime "8:07:49 PDT"]
[Termination "Qvalda won on time"]

1. d4 Nf6 2. Nf3 d5 3. c4 e6 4. cxd5 exd5 5. Qc2 c6 6. Nc3 Na6 7. Bg5 Be7 8. a3 Nc7 9. e3 g6 10. Bd3 Ne6 11. Bh4 Ng7 12. O-O O-O 13. b4 a6 14. Rab1 Bf5 15. Bxf6 Bxf6 16. a4 b5 17. a5 Re8 18. Ne2 Bxd3 19. Qxd3 Nf5 20. Rfc1 Rc8 21.
Nd2 Nd6 22. Nb3 Nc4 23. Nc5 Ra8 24. Ng3 Ra7 25. Nf1 Bg7 26. Rd1 Qg5 27. Nd2 h5 28. Nxc4 dxc4 29. Qe2 Bf8 30. Qf3 Bxc5 31. Qxc6 Re6 32.
Qxc5 Qxc5 33. dxc5 Kf8 34. Kf1 Ke7 35. Ke2 Rd7 36.
f3 f5 37. Rxd7+ Kxd7 38. Rd1+ Kc7 39. Rd5 h4 40. Rd4 g5 41. Rd5 Rf6 42. Kd2 g4 43. f4 Kc6 44. Rd4 Re6 45. Rd8 Re7 46. Rd6+ Kb7 47.
Rd5 Rf7 48. Kc3 1-0

[Event "Early-Titled-Tuesday-Blitz-September-05-2023"]
[Site "Chess.com"]
[Date "2023.09.05"]
[Round "1"]
[White "Genghis_K"]
[Black "JoliyRoger"]
[Result "1-0"]
[WhiteElo "2869"]
[BlackElo "2478"]
[TimeControl "180+1"]
[EndTime "8:07:50 PDT"]
[Termination "Genghis_K won on time"]

1. d4 Nf6 2. c4 e6 3. g3 c5 4. Nf3 cxd4 5. Nxd4 Nc6 6. Bg2 Be7 7. O-O O-O 8. Nc3 Ne5 9. b3 a6 10. Bf4 Ng6 11. Be3 d6 12. h3 Qc7 13. Rc1 Rb8 14.
f4 Re8 15. Bf2 Bf8 16. Nc2 b6 17. Qd2 Bb7 18. e4 Rbc8 19. a4 Nd7 20. Rb1 Nc5 21.
Rfe1 h6 22. h4 Be7 23. h5 Nf8 24. Nd4 Ncd7 25. g4 Nh7 26. Bf3 e5 27. Nf5 exf4 28. Nd5 Bxd5 29. exd5 Ng5 30. Bg2 Ne5 31. Qxf4 Nd3 32.
Qd4 Ne5 33. Rxe5 dxe5 34. Qxb6 Bc5 35. Qxc7 Rxc7 36. d6 Bxf2+ 37. Kxf2 Rc5 38. Bd5 Rd8 39. b4 Rcc8 40. Ne7+ Kf8 41. Nxc8 Rxc8 42. c5 g6 43. d7 Rd8 44. c6 Ke7 45. c7 1-0

[Event "Early-Titled-Tuesday-Blitz-September-05-2023"]
[Site "Chess.com"]
[Date "2023.09.05"]
[Round "1"]
[White "LoaySameer"]
[Black "artooon"]
[Result "0-1"]
[WhiteElo "2532"]
[BlackElo "3052"]
[TimeControl "180+1"]
[EndTime "8:07:53 PDT"]
[Termination "artooon won by resignation"]

1. Nf3 Nf6 2. g3 d5 3. Bg2 c6 4. O-O Bg4 5. d3 e6 6. Nbd2 Nbd7 7. h3 Bh5 8. e4 dxe4 9. dxe4 e5 10. Qe2 Qc7 11. b3 Be7 12. Bb2 O-O 13. Nc4 Rfe8 14. a4 Bf8 15. Rad1 h6 16. g4 Bg6 17. Nh4 Bh7 18. Nf5 Nc5 19. Qe3 Bxf5 20. exf5 e4 21. Bxf6 gxf6 22. a5 b5 23. Nd2 Qxa5 24. Nxe4 Nxe4 25.
Bxe4 Re5 26. Qf3 Rd8 27. Bxc6 Bc5 28. Rxd8+ Qxd8 29. Rd1 Qe7 30. Bxb5 Bxf2+ 31. Qxf2 Rxb5 32. Re1 Qc7 33. Re2 Kg7 34. Kg2 a5 35. Qf3 Rc5 36. c4 a4 37. bxa4 Rxc4 38. a5 Rc3 39. Qf2 Qc6+ 40. Kh2 Rf3 41. Qg2 Qc7+ 42. Kh1 Qc1+ 43. Kh2 Qf4+ 44. Kg1 Rg3 45. Rf2 Qc1+ 46. Kh2 Rxg2+ 47.
Kxg2 Qc6+ 48. Rf3 Qa4 49. Kg3 Qxa5 50. Re3 Qd2 51. Rf3 h5 52. Rf2 Qe1 53. Kf3 Kh6 54. Rg2 Kg5 55. gxh5+ Kxf5 56. Rg4 Qd1+ 57. Kg3 Ke5 58.
h6 Qd3+ 59. Kh4 f5 60. Ra4 Qd8+ 61. Kh5 f4 62. h7 f3 63. Ra5+ Ke4 64. Ra4+ Ke3 65.
Ra3+ Ke2 66. Ra2+ Kf1 67. Kh6 Qf6+ 68. Kh5 Qg6+ 69. Kh4 Qxh7+ 70. Kg3 Ke1 71. Kxf3 Qxh3+ 72. Ke4 Qe6+ 73. Kf4 Qxa2 0-1

[Event "Early-Titled-Tuesday-Blitz-September-05-2023"]
[Site "Chess.com"]
[Date "2023.09.05"]
[Round "1"]
[White "merinasian"]
[Black "m_ezat"]
[Result "1-0"]
[WhiteElo "2431"]
[BlackElo "2713"]
[TimeControl "180+1"]
[EndTime "8:07:53 PDT"]
[Termination "merinasian won on time"]

1. d4 Nf6 2. Nf3 g6 3. Bf4 Bg7 4. e3 O-O 5. h3 d6 6. Be2 Nfd7 7. O-O e5 8. Bh2 Nc6 9. c4 Kh8 10. Nc3 f5 11. Rc1 g5 12. d5 Ncb8 13. b4 a5 14. a3 h5 15. c5 axb4 16. axb4 g4 17. hxg4 hxg4 18. Nd2 dxc5 19. bxc5 Nxc5 20. e4 f4 21.
Bxg4 Ra6 22. Bxc8 Qxc8 23. Nb5 Nbd7 24. d6 c6 25. Nc7 Ra2 26. Qh5+ Kg8 27. Nf3 Nf6 28.
Qg6 Ncxe4 29. Nxe5 Nxd6 30. Nd5 Nxd5 31. Qxd6 Rd8 32.
Qg6 Rf8 33. Ng4 Ne7 34. Nh6+ Kh8 35. Nf7+ Kg8 36. Nh6+ Kh8 37. Nf7+ Rxf7 38. Qxf7 Re2 39. Rfe1 Rxe1+ 40. Rxe1 Bf8 41. Re5 Ng8 42. Rh5+ Bh6 43.
Bxf4 Qg4 44. Bxh6 Qd1+ 45. Kh2 Qd6+ 46. Bf4+ Nh6 47. Rxh6+ Qxh6+ 48. Bxh6 1-0